[Event "Gibraltar Masters 18th"]
[Site "Gibraltar"]
[Date "2020.01.29"]
[Round "9.54"]
[White "Gschnitzer, Adrian"]
[Black "Tabatabaei, M.Amin"]
[Result "0-1"]
[ECO "B69"]
[WhiteElo "2388"]
[BlackElo "2638"]
[PlyCount "108"]
[EventDate "2020.01.21"]
[EventType "swiss"]
[EventRounds "10"]
[EventCountry "GGB"]
[SourceTitle "BritBase"]
[Source "John Saunders"]
[SourceDate "2021.06.05"]
[SourceVersion "1"]
[SourceVersionDate "2021.06.05"]
[SourceQuality "1"]
[TimeControl "40/100:0"]
[WhiteClock "0:18:44"]
[BlackClock "0:42:53"]

1. e4 c5 2. Nf3 d6 3. d4 cxd4 4. Nxd4 Nf6 5. Nc3 Nc6 6. Bg5 e6 7. Qd2 a6 8. O-O-O Bd7 9. f4 Be7 10. Nf3 b5 11. Bxf6 gxf6 12. Kb1 b4 13.
Ne2 h5 14. g3 Qb6 15. Bh3 a5 16. Ned4 a4 17. Nxc6 Bxc6 18. Rhe1 f5 19. Ng5 Bxg5 20. fxg5 Bxe4 21. Bg2 d5 22. Bxe4 fxe4 23. Rxe4 dxe4 24. Qd7+ Kf8 25. Rf1 f5 26. g6 Ra7 27. g7+ Kg8 28. gxh8=R+ Kxh8 29. Qe8+ Kg7 30. Qxh5 Qe3 31. Rd1 Rf7 32. Rd8 Rf8 33. Rd7+ Kf6 34. Qh4+ Ke5 35. Rd1 b3 36. cxb3 Qf3 37. Rc1 Qd3+ 38. Ka1 Qd2 39. Kb1 axb3 40. a3 Ra8 41. Rc3 Qd1+ 42. Rc1 Qd3+ 43. Ka1 Qd2 44. Kb1 Rf8 45. Rc3 Qd1+ 46. Rc1 Qd3+ 47. Ka1 Qd2 48. Kb1 Kd6 49. Rc3 Qd1+ 50. Rc1 Qd3+ 51. Ka1 Rc8 52. Qf4+ Kd7 53. Rg1 Qd4 54. Qf1 Ke7 0-1

[Event "Gibraltar Masters 18th"]
[Site "Gibraltar"]
[Date "2020.01.29"]
[Round "9.55"]
[White "Kaidanov, Gregory"]
[Black "Soumya, Swaminathan"]
[Result "1-0"]
[ECO "A35"]
[WhiteElo "2546"]
[BlackElo "2384"]
[PlyCount "105"]
[EventDate "2020.01.21"]
[EventType "swiss"]
[EventRounds "10"]
[EventCountry "GGB"]
[SourceTitle "BritBase"]
[Source "John Saunders"]
[SourceDate "2021.06.05"]
[SourceVersion "1"]
[SourceVersionDate "2021.06.05"]
[SourceQuality "1"]
[TimeControl "40/100:0"]
[WhiteClock "0:06:00"]
[BlackClock "0:00:34"]

1. Nf3 c5 2. c4 Nc6 3. Nc3 g6 4. e3 Nf6 5. d4 cxd4 6. exd4 d5 7. cxd5 Nxd5 8. Qb3 e6 9. Bb5 Bg7 10. O-O O-O 11. Bxc6 bxc6 12. Na4 Qd6 13. Re1 Rb8 14. Qc2 Nb4 15. Qd1 e5 16. a3 e4 17. Rxe4 Nd5 18.
Bg5 f5 19. Re1 f4 20. Qe2 Rb7 21. Nc5 Rbf7 22. Ne5 h6 23. Nxf7 Kxf7 24. Ne4 Qd7 25. Bh4 g5 26. Bxg5 hxg5 27. Nxg5+ Kg8 28. Qe4 Qf5 29. Qxf5 Bxf5 30. Nf3 Rb8 31. b4 Bd7 32. Ne5 Bxe5 33. Rxe5 Kf7 34. h4 a6 35. g3 Kf6 36. Kg2 Rh8 37. Rae1 Rh7 38. Rg5 Rh8 39. Ree5 Ne7 40. Kf3 fxg3 41. fxg3 Be6 42. Ke4 Rd8 43. g4 Ba2 44. Ke3 Bb1 45. Rc5 Rd6 46. Rc1 Ba2 47. Rf1+ Ke6 48. h5 Nd5+ 49. Kd2 Nf6 50. Rg6 Ke7 51. Rg7+ Kd8 52. h6 Ne8 53. h7 1-0

[Event "Gibraltar Masters 18th"]
[Site "Gibraltar"]
[Date "2020.01.29"]
[Round "9.56"]
[White "Hedman, Erik"]
[Black "Moroni, Luca Jr"]
[Result "1/2-1/2"]
[ECO "E11"]
[WhiteElo "2376"]
[BlackElo "2532"]
[PlyCount "103"]
[EventDate "2020.01.21"]
[EventType "swiss"]
[EventRounds "10"]
[EventCountry "GGB"]
[SourceTitle "BritBase"]
[Source "John Saunders"]
[SourceDate "2021.06.05"]
[SourceVersion "1"]
[SourceVersionDate "2021.06.05"]
[SourceQuality "1"]
[TimeControl "40/100:0"]
[WhiteClock "0:09:52"]
[BlackClock "0:17:08"]

1. d4 Nf6 2. c4 e6 3. Nf3 Bb4+ 4. Nbd2 O-O 5. a3 Be7 6. e3 b6 7. Bd3 Bb7 8. O-O c5 9. b3 cxd4 10. exd4 d5 11. Bb2 Nbd7 12. Qe2 a5 13.
Ne5 a4 14. b4 dxc4 15. Ndxc4 Nd5 16. f4 g6 17. Rae1 N7f6 18. Qd2 Rc8 19. Rf3 Nh5 20. Ref1 f5 21. Qd1 Qe8 22. Bc2 b5 23. Na5 Ba8 24. Bd3 Nxb4 25.
axb4 Bxb4 26. Nb3 axb3 27. Qxb3 Qe7 28. Bxb5 Nf6 29. Bc4 Nd5 30. Ra1 Rb8 31. Rxa8 Rxa8 32. Nc6 Qd6 33. Bxd5 exd5 34. Nxb4 Rfb8 35. Bc3 Rb5 36. Re3 Qxf4 37. Re5 Rc8 38. Qb2 Rc4 39. Re1 Qc7 40. Bd2 Qb6 41. Rb1 Rxd4 42. Kh1 Qc5 43. h3 f4 44. Be1 Rb8 45. Qf2 Qc4 46. Nc6 Rb7 47. Rb4 Rxb4 48. Nxd4 Rb1 49. Nf3 Qc3 50. Qh4 Qe3 51. Kh2 Kg7 52.
Bc3+ {[%emt 0:00:00] Rb2 Qe7+} 1/2-1/2

[Event "Gibraltar Masters 18th"]
[Site "Gibraltar"]
[Date "2020.01.29"]
[Round "9.57"]
[White "Libiszewski, Fabien"]
[Black "Mullick, Raahil"]
[Result "1/2-1/2"]
[ECO "B52"]
[WhiteElo "2522"]
[BlackElo "2382"]
[PlyCount "98"]
[EventDate "2020.01.21"]
[EventType "swiss"]
[EventRounds "10"]
[EventCountry "GGB"]
[SourceTitle "BritBase"]
[Source "John Saunders"]
[SourceDate "2021.06.05"]
[SourceVersion "1"]
[SourceVersionDate "2021.06.05"]
[SourceQuality "1"]
[TimeControl "40/100:0"]

1. e4 c5 2. Nf3 d6 3. Bb5+ Bd7 4. Bxd7+ Qxd7 5. c4 Nf6 6. Nc3 g6 7. d4 cxd4 8. Nxd4 Bg7 9. f3 O-O 10. Be3 Nc6 11. O-O e6 12. Rc1 d5 13.
Nxc6 bxc6 14. e5 Ne8 15. cxd5 cxd5 16. f4 Nc7 17. Qa4 Rfd8 18. Qxd7 Rxd7 19. Ne2 Bf8 20. Nd4 Na6 21. a3 Nc5 22. b4 Na4 23. Nb3 Nb2 24. Na5 d4 25. Bd2 d3 26. Kf2 Rd5 27. Rc7 Bh6 28.
Rfc1 Bxf4 29. Rc8+ Rxc8 30. Rxc8+ Kg7 31. Bxf4 d2 32. Bxd2 Rxd2+ 33. Kf1 Rd3 34. Rc2 Na4 35. Nc4 Nb6 36. Nd6 Nd7 37. Nc4 Rd4 38. b5 Rf4+ 39. Kg1 Re4 40. a4 Nb6 41. Nd6 Re1+ 42. Kf2 Rxe5 43. a5 Nd5 44. Rb2 Nc3 45. Rb3 Rd5 46. b6 axb6 47. axb6 Rxd6 48. b7 Rd8 49. b8=Q Rxb8 1/2-1/2

[Event "Gibraltar Masters 18th"]
[Site "Gibraltar"]
[Date "2020.01.30"]
[Round "10.1"]
[White "Esipenko, Andrey"]
[Black "Wang, Hao"]
[Result "1/2-1/2"]
[ECO "D30"]
[WhiteElo "2654"]
[BlackElo "2758"]
[PlyCount "60"]
[EventDate "2020.01.21"]
[EventType "swiss"]
[EventRounds "10"]
[EventCountry "GGB"]
[SourceTitle "BritBase"]
[Source "John Saunders"]
[SourceDate "2021.06.05"]
[SourceVersion "1"]
[SourceVersionDate "2021.06.05"]
[SourceQuality "1"]
[TimeControl "40/100:0"]
[WhiteClock "0:28:47"]
[BlackClock "1:08:45"]

1. d4 Nf6 2. c4 e6 3. Nf3 d5 4. g3 Be7 5. Bg2 O-O 6. O-O dxc4 7. Qc2 c6 8.
Qxc4 b5 9. Qc2 Bb7 10. Bg5 Nbd7 11. Bxf6 Bxf6 12. Nbd2 c5 13. dxc5 Rc8 14. Nb3 Bd5 15. Ne1 Bxb3 16. Qxb3 Nxc5 17. Qxb5 Qb6 18. Qxb6 axb6 19. Rc1 Bxb2 20. Rb1 Na4 21. Nd3 Bf6 22. Rb4 Nc3 23. Bf3 b5 24. Rc1 Nxa2 25. Rxc8 Rxc8 26. Rxb5 g6 27. Rc5 Rxc5 28. Nxc5 Nc3 29. e3 Kg7 30. Kg2 h5 1/2-1/2

[Event "Gibraltar Masters 18th"]
[Site "Gibraltar"]
[Date "2020.01.30"]
[Round "10.2"]
[White "Paravyan, David"]
[Black "Yilmaz, Mustafa"]
[Result "1/2-1/2"]
[ECO "B90"]
[WhiteElo "2629"]
[BlackElo "2607"]
[PlyCount "65"]
[EventDate "2020.01.21"]
[EventType "swiss"]
[EventRounds "10"]
[EventCountry "GGB"]
[SourceTitle "BritBase"]
[Source "John Saunders"]
[SourceDate "2021.06.05"]
[SourceVersion "1"]
[SourceVersionDate "2021.06.05"]
[SourceQuality "1"]
[TimeControl "40/100:0"]
[WhiteClock "0:00:56"]
[BlackClock "0:11:32"]

1. e4 c5 2. Nf3 d6 3. d4 cxd4 4. Nxd4 Nf6 5. Nc3 a6 6. Bd3 e5 7. Nde2 Be7 8. O-O Be6 9. f4 exf4 10. Nxf4 Nc6 11. Nxe6 fxe6 12. Qf3 Ne5 13. Qh3 Qd7 14. Be3 O-O 15. Bd4 Rae8 16. Rad1 Qc8 17. Kh1 Bd8 18. Nd5 Qc6 19. Bxe5 dxe5 20. Nxf6+ Rxf6 21. b3 b5 22. Qh5 Rxf1+ 23. Rxf1 Bf6 24. Qe2 Rf8 25. c4 b4 26. c5 Bg5 27. Bxa6 Rxf1+ 28. Qxf1 Qxc5 29. Bc4 Qd6 30. g3 Bf6 31. Qe2 g6 32. Kg2 Kf7 33. h4 1/2-1/2

[Event "Gibraltar Masters 18th"]
[Site "Gibraltar"]
[Date "2020.01.30"]
[Round "10.3"]
[White "Vachier-Lagrave, Maxime"]
[Black "Maghsoodloo, Parham"]
[Result "1-0"]
[ECO "D38"]
[WhiteElo "2770"]
[BlackElo "2674"]
[PlyCount "199"]
[EventDate "2020.01.21"]
[EventType "swiss"]
[EventRounds "10"]
[EventCountry "GGB"]
[SourceTitle "BritBase"]
[Source "John Saunders"]
[SourceDate "2021.06.05"]
[SourceVersion "1"]
[SourceVersionDate "2021.06.05"]
[SourceQuality "1"]
[TimeControl "40/100:0"]
[WhiteClock "0:16:14"]
[BlackClock "0:01:44"]

1. d4 d5 2. c4 e6 3. Nc3 Bb4 4. Nf3 Nf6 5. cxd5 exd5 6. Bg5 O-O 7. e3 Bf5 8. Qb3 Bxc3+ 9. Qxc3 h6 10. Bf4 Ne4 11. Qxc7 Nc6 12. Bb5 Rc8 13. Qxd8 Rfxd8 14. O-O g5 15. Bg3 h5 16. h3 Ne7 17. Rfc1 Nxg3 18. fxg3 g4 19. hxg4 hxg4 20. Nd2 Bc2 21. Nb1 Bxb1 22. Raxb1 f5 23. Bd3 Kf7 24. Rc3 Ke6 25. Kf2 Rh8 26. Ra3 Ra8 27. Rc1 Nc8 28. b4 Nd6 29. b5 Rhc8 30. Rc5 Rd8 31. Rac3 Rd7 32. a4 b6 33. Rc6 Rdd8 34. Ke2 Rd7 35. Rc1 Rh8 36. a5 bxa5 37. Ra6 Rh2 38.
Kf2 Rhh7 39. Rcc6 Rhf7 40. Ke2 a4 41. Rxa4 Rb7 42. Raa6 Rfd7 43. Kd2 Ke7 44. Rc5 Ke6 45. Kc3 Rb8 46. Kb4 Rh8 47. Rc1 Rh2 48.
Rf1 Ke7 49. Bxf5 Nxf5 50. Rxf5 Rxg2 51. Rg5 Rxg3 52. Rg7+ Ke8 53. Rxd7 Kxd7 54. Rxa7+ Ke6 55. b6 Rg1 56. b7 Rb1+ 57. Kc5 Rc1+ 58. Kb6 Rb1+ 59. Kc7 Rc1+ 60. Kd8 Rb1 61. Ra6+ Kf5 62. Kc7 g3 63. Rb6 Rxb6 64. Kxb6 g2 65. b8=Q g1=Q 66. Qe5+ Kg6 67. Kc6 Qa1 68. Qg3+ Kf5 69. Qf4+ Kg6 70. Kxd5 Qa8+ 71. Kc4 Qa4+ 72. Kc3 Qa1+ 73. Kd2 Qb2+ 74. Ke1 Qg2 75. Qf1 Qc2 76. Qf3 Kg7 77. Kf1 Qc1+ 78. Kg2 Qc2+ 79. Kg3 Qc7+ 80. Kh3 Qc3 81. d5 Qd3 82. Kg3 Kg6 83. Qg4+ Kh7 84. Qd7+ Kh8 85. Qe8+ Kg7 86. Qe7+ Kh8 87. Qe5+ Kh7 88. d6 Qg6+ 89. Kh4 Qb1 90. Qe7+ Kg6 91. Qe6+ Kh7 92. d7 Qe1+ 93. Kg5 Qg3+ 94. Kf6 Qh4+ 95. Kf7 Qh5+ 96. Kf8 Qa5 97. Qe7+ Kg6 98. d8=Q Qf5+ 99. Kg8 Qd5+ 100. Qxd5 1-0

[Event "Gibraltar Masters 18th"]
[Site "Gibraltar"]
[Date "2020.01.30"]
[Round "10.4"]
[White "Deac, Bogdan-Daniel"]
[Black "Topalov, Veselin"]
[Result "1/2-1/2"]
[ECO "D18"]
[WhiteElo "2626"]
[BlackElo "2738"]
[PlyCount "63"]
[EventDate "2020.01.21"]
[EventType "swiss"]
[EventRounds "10"]
[EventCountry "GGB"]
[SourceTitle "BritBase"]
[Source "John Saunders"]
[SourceDate "2021.06.05"]
[SourceVersion "1"]
[SourceVersionDate "2021.06.05"]
[SourceQuality "1"]
[TimeControl "40/100:0"]
[WhiteClock "0:18:02"]
[BlackClock "0:14:32"]

1. Nf3 d5 2. d4 Nf6 3. c4 c6 4. Nc3 dxc4 5. a4 Bf5 6. Nh4 e6 7. Nxf5 exf5 8. e3 Bb4 9. Bxc4 O-O 10. O-O Nbd7 11. Qd3 g6 12. f3 Qe7 13. e4 Rad8 14. Bg5 h6 15. Bh4 g5 16. Bf2 Bxc3 17. Qxc3 fxe4 18. fxe4 Nb6 19. Bd3 Nxe4 20. Rae1 f5 21. Qc2 Nd5 22. Bg3 Qe6 23.
Be5 g4 24. Bxe4 fxe4 25. Qxe4 h5 26. h3 Rxf1+ 27. Rxf1 Rf8 28. Rxf8+ Kxf8 29. hxg4 Qxg4 30. Qh7 Qd1+ 31. Kh2 Qg4 32. Qxb7 1/2-1/2

[Event "Gibraltar Masters 18th"]
[Site "Gibraltar"]
[Date "2020.01.30"]
[Round "10.5"]
[White "Navara, David"]
[Black "Kadric, Denis"]
[Result "1-0"]
[ECO "E61"]
[WhiteElo "2717"]
[BlackElo "2585"]
[PlyCount "77"]
[EventDate "2020.01.21"]
[EventType "swiss"]
[EventRounds "10"]
[EventCountry "GGB"]
[SourceTitle "BritBase"]
[Source "John Saunders"]
[SourceDate "2021.06.05"]
[SourceVersion "1"]
[SourceVersionDate "2021.06.05"]
[SourceQuality "1"]
[TimeControl "40/100:0"]
[WhiteClock "0:02:30"]
[BlackClock "0:00:37"]

1. d4 d6 2. Nf3 Nf6 3. c4 g6 4. Nc3 Bf5 5. h3 Ne4 6. Nxe4 Bxe4 7. Ng5 Bf5 8. e4 Bd7 9. Be3 Bg7 10. Be2 O-O 11. O-O e5 12. d5 a5 13. c5 dxc5 14. Qd2 b6 15. f4 Qe7 16. f5 h6 17. Nf3 gxf5 18. exf5 Bxf5 19. Nh4 Qxh4 20. Rxf5 Nd7 21. Rh5 Qb4 22. Qc2 Nf6 23. Bc4 b5 24. Rh4 e4 25. Bf1 c4 26. Rd1 Rad8 27. Bxh6 Qc5+ 28. Kh1 Rxd5 29. Rxd5 Qxd5 30. Qc3 Bxh6 31. Rxh6 Nh7 32. a4 Rd8 33. Rh4 Qf5 34. Be2 Nf6 35. Qg3+ Qg6 36. Qxc7 Re8 37. axb5 e3 38. b6 Qg5 39. Rf4 1-0

[Event "Gibraltar Masters 18th"]
[Site "Gibraltar"]
[Date "2020.01.30"]
[Round "10.6"]
[White "Kobalia, Mikhail"]
[Black "Le, Quang Liem"]
[Result "1/2-1/2"]
[ECO "C50"]
[WhiteElo "2609"]
[BlackElo "2713"]
[PlyCount "162"]
[EventDate "2020.01.21"]
[EventType "swiss"]
[EventRounds "10"]
[EventCountry "GGB"]
[SourceTitle "BritBase"]
[Source "John Saunders"]
[SourceDate "2021.06.05"]
[SourceVersion "1"]
[SourceVersionDate "2021.06.05"]
[SourceQuality "1"]
[TimeControl "40/100:0"]
[WhiteClock "0:09:57"]
[BlackClock "0:19:14"]

1. e4 e5 2. Nf3 Nc6 3. Bc4 Bc5 4. O-O Nf6 5. d3 O-O 6. h3 d6 7. a4 a5 8. Re1 Ne7 9. c3 Ng6 10. d4 Ba7 11. dxe5 dxe5 12. Qxd8 Rxd8 13. Ng5 Rd7 14. Na3 h6 15. Nf3 Bc5 16. Bb3 Re7 17. Nc4 Be6 18.
Ncd2 Bd7 19. Nc4 Be6 20. Ncd2 Bd7 21. Nc4 Bc6 22. Bc2 Nd7 23. Rb1 Nb6 24. Nxb6 Bxb6 25. Nd2 Rd7 26. Nc4 Bc5 27. g3 b6 28. h4 f6 29. b4 axb4 30. cxb4 Bd4 31. b5 Bb7 32. Bd2 Bc5 33.
Bc3 Kh7 34. Red1 Bc8 35. Kg2 Rxd1 36. Rxd1 Bg4 37. f3 Be6 38. Nb2 h5 39. Nd3 Bd6 40. Nb4 Nf8 41. Na6 Bc4 42. Be1 Ne6 43. Bf2 Rd8 44. Rc1 Ba3 45. Rd1 Rd6 46. Rxd6 Bxd6 47. Nb8 Nd8 48. f4 g6 49. Be3 Kg7 50. Kf3 Be6 51. fxe5 Bg4+ 52. Kf2 Bxe5 53. Bb3 Kf8 54. Na6 Ke7 55. Bd2 Be6 56. Bc2 Nf7 57. Nb4 Bd4+ 58. Kg2 Ne5 59. Nd5+ Bxd5 60. exd5 Kd6 61. Bf4 f5 62. Bb3 Kc5 63. Bxe5 Bxe5 64. Kf3 Bd6 65. Bc2 Kxd5 66. Bb3+ Ke5 67. Bf7 Kf6 68. Be8 Bb4 69. Kg2 Be1 70. Kf3 g5 71. Bxh5 gxh4 72. gxh4 Ke5 73. Bg6 Bxh4 74. Bh7 f4 75. Bc2 Be7 76. Bd1 Bd6 77. Kg2 Kd4 78. Bh5 Kc3 79. Bg4 Kc2 80. Bh5 Kb3 81. Bd1+ Kb4 1/2-1/2

[Event "Gibraltar Masters 18th"]
[Site "Gibraltar"]
[Date "2020.01.30"]
[Round "10.7"]
[White "Adams, Michael"]
[Black "Karthikeyan, Murali"]
[Result "1/2-1/2"]
[ECO "C65"]
[WhiteElo "2694"]
[BlackElo "2606"]
[PlyCount "71"]
[EventDate "2020.01.21"]
[EventType "swiss"]
[EventRounds "10"]
[EventCountry "GGB"]
[SourceTitle "BritBase"]
[Source "John Saunders"]
[SourceDate "2021.06.05"]
[SourceVersion "1"]
[SourceVersionDate "2021.06.05"]
[SourceQuality "1"]
[TimeControl "40/100:0"]
[WhiteClock "0:08:29"]
[BlackClock "0:08:10"]

1. e4 e5 2. Nf3 Nc6 3. Bb5 Nf6 4. d3 Bc5 5. Bxc6 dxc6 6. O-O Qe7 7. Nbd2 Bg4 8. a3 Nd7 9. b4 Bd6 10. h3 Be6 11. Bb2 O-O 12. d4 f6 13.
Qe2 a5 14. c4 exd4 15. c5 Bf4 16. Nxd4 Ne5 17. Rfd1 Rfd8 18. Nxe6 Qxe6 19. Nf3 Qc4 20. Kf1 axb4 21. Bxe5 Rxd1+ 22. Rxd1 Qxe2+ 23.
Kxe2 Bxe5 24. Nxe5 fxe5 25. axb4 Ra4 26. Rb1 Kf7 27. h4 h5 28. Rb3 b6 29. Ke3 g6 30. cxb6 cxb6 31. Rc3 Rxb4 32. Rxc6 Rb3+ 33. Kd2 Rb2+ 34. Ke3 Rb3+ 35. Kd2 Rb2+ 36. Ke3 1/2-1/2

[Event "Gibraltar Masters 18th"]
[Site "Gibraltar"]
[Date "2020.01.30"]
[Round "10.8"]
[White "Werle, Jan"]
[Black "Jones, Gawain C B"]
[Result "1/2-1/2"]
[ECO "D87"]
[WhiteElo "2545"]
[BlackElo "2679"]
[PlyCount "48"]
[EventDate "2020.01.21"]
[EventType "swiss"]
[EventRounds "10"]
[EventCountry "GGB"]
[SourceTitle "BritBase"]
[Source "John Saunders"]
[SourceDate "2021.06.05"]
[SourceVersion "1"]
[SourceVersionDate "2021.06.05"]
[SourceQuality "1"]
[TimeControl "40/100:0"]
[WhiteClock "0:34:34"]
[BlackClock "0:55:54"]

1. d4 Nf6 2. c4 g6 3. Nc3 d5 4. cxd5 Nxd5 5. e4 Nxc3 6. bxc3 Bg7 7. Bc4 c5 8. Ne2 O-O 9. O-O Nc6 10. Be3 b6 11. h4 e6 12. h5 Qh4 13.
hxg6 hxg6 14. f3 cxd4 15. cxd4 Bb7 16. Rc1 Rad8 17. Qd2 Qe7 18. Rfd1 Nxd4 19. Nxd4 e5 20. Bb3 exd4 21. Bg5 Qd6 22. Bf4 Qe7 23. Bg5 Qd6 24. Bf4 Qe7 1/2-1/2

[Event "Gibraltar Masters 18th"]
[Site "Gibraltar"]
[Date "2020.01.30"]
[Round "10.9"]
[White "Praggnanandhaa, Rameshbabu"]
[Black "Saric, Ivan"]
[Result "1/2-1/2"]
[ECO "D02"]
[WhiteElo "2602"]
[BlackElo "2655"]
[PlyCount "226"]
[EventDate "2020.01.21"]
[EventType "swiss"]
[EventRounds "10"]
[EventCountry "GGB"]
[SourceTitle "BritBase"]
[Source "John Saunders"]
[SourceDate "2021.06.05"]
[SourceVersion "1"]
[SourceVersionDate "2021.06.05"]
[SourceQuality "1"]
[TimeControl "40/100:0"]
[WhiteClock "0:04:48"]
[BlackClock "0:06:11"]

1. Nf3 d5 2. g3 Nc6 3. d4 Bf5 4. Bg2 Nb4 5. Na3 e6 6. c3 Nc6 7. Qb3 Rb8 8. Nh4 Bg4 9. e4 dxe4 10. Bxe4 Be7 11. Nc4 Nf6 12. Bg2 O-O 13. O-O Nd5 14. Nf3 Bxf3 15. Bxf3 Bg5 16. Re1 Bxc1 17. Raxc1 b5 18. Nd2 a5 19. Ne4 Nce7 20. Nc5 c6 21. Re2 Nf5 22. Rce1 Nd6 23. Qc2 Nb7 24. Nd3 Qc7 25. a4 Ne7 26. axb5 cxb5 27. Qb3 Nd8 28. Nc5 Rb6 29. Qa2 a4 30. Bg4 g6 31. h4 h5 32. Bh3 Kg7 33.
Re5 Nd5 34. Qb1 Nf6 35. Rg5 Re8 36. Qd3 Nh7 37. Rge5 Nf6 38.
Qf3 Nb7 39. Nd3 a3 40. bxa3 Qxc3 41. Rc1 Qxa3 42. Rc7 Nd8 43. Rec5 b4 44. Kg2 Rb8 45. Rc8 Rxc8 46. Rxc8 Nd5 47. Nc5 Qxf3+ 48. Kxf3 Rh8 49. Bg2 Nb7 50. Rxh8 Kxh8 51. Ke2 Nd6 52. Bxd5 exd5 53. Kd3 Kg7 54. Na6 b3 55. Nc5 b2 56. Kc2 Nb5 57. Kxb2 Nxd4 58. Nd7 Nf5 59. Kc3 Nd6 60. Kd4 Ne4 61. Kxd5 Nxf2 62. Ke5 Ng4+ 63. Kd4 Nf6 64. Nc5 Kf8 65. Ke5 Ke7 66. Nd3 Nd7+ 67. Kd5 Kf6 68. Ke4 Ke6 69. Nf4+ Kd6 70. Nd3 Nf8 71. Nb2 Ke7 72. Nd3 Ne6 73. Ne5 Ng7 74. Nc6+ Ke6 75. Nd4+ Kf6 76. Nc6 Ne6 77. Nb4 Nc5+ 78. Kf4 Ke6 79. Nc6 Kd5 80. Nb4+ Kd6 81. Nc2 Ne6+ 82. Ke4 Nc5+ 83. Kf4 Nd7 84. Nb4 Kc5 85. Nc2 Nf6 86. Ke5 Ng4+ 87. Ke4 Kc4 88. Na3+ Kb4 89. Nb1 Nf6+ 90. Kd4 Kb5 91. Nd2 Kc6 92. Nf3 Kd6 93. Ng5 Ke7 94. Ke5 Nd7+ 95. Ke4 Nc5+ 96. Kd5 Ne6 97. Ne4 f5 98. Nc3 Kf6 99. Ne2 f4 100. Ke4 fxg3 101. Nxg3 Ng7 102. Kf4 Ne6+ 103. Ke4 Nc5+ 104. Kd4 Na4 105. Ke4 Nc3+ 106. Kd4 Nb5+ 107. Ke4 Nd6+ 108.
Kf4 Nf5 109. Ne4+ Kg7 110. Kg5 Nd4 111. Kf4 Kh6 112. Nd6 Ne6+ 113. Ke5 Nc5 1/2-1/2

[Event "Gibraltar Masters 18th"]
[Site "Gibraltar"]
[Date "2020.01.30"]
[Round "10.11"]
[White "Cheparinov, Ivan"]
[Black "Aryan, Chopra"]
[Result "1/2-1/2"]
[ECO "A34"]
[WhiteElo "2686"]
[BlackElo "2562"]
[PlyCount "60"]
[EventDate "2020.01.21"]
[EventType "swiss"]
[EventRounds "10"]
[EventCountry "GGB"]
[SourceTitle "BritBase"]
[Source "John Saunders"]
[SourceDate "2021.06.05"]
[SourceVersion "1"]
[SourceVersionDate "2021.06.05"]
[SourceQuality "1"]
[TimeControl "40/100:0"]
[WhiteClock "1:01:02"]
[BlackClock "0:41:27"]

1. Nf3 Nf6 2. c4 c5 3. Nc3 Nc6 4. g3 d5 5. d4 cxd4 6. Nxd4 dxc4 7. Nxc6 Qxd1+ 8. Nxd1 bxc6 9. Bg2 Nd5 10. Ne3 e6 11. Nxc4 Ba6 12. Na5 Bb4+ 13. Bd2 Bxa5 14. Bxa5 Rb8 15. b3 Ke7 16. Bf3 c5 17. O-O Rhc8 18. Rfc1 c4 19. bxc4 Rxc4 20. Rxc4 Bxc4 21. Rc1 Bxa2 22. e4 Nf6 23. Rc7+ Kf8 24. Rxa7 Bb1 25. Bc7 Rc8 26. e5 Be4 27. exf6 Bxf3 28. fxg7+ Kxg7 29. Kf1 Ra8 30. Rxa8 Bxa8 1/2-1/2

[Event "Gibraltar Masters 18th"]
[Site "Gibraltar"]
[Date "2020.01.30"]
[Round "10.12"]
[White "Alekseenko, Kirill"]
[Black "Peralta, Fernando"]
[Result "1/2-1/2"]
[ECO "C11"]
[WhiteElo "2704"]
[BlackElo "2574"]
[PlyCount "75"]
[EventDate "2020.01.21"]
[EventType "swiss"]
[EventRounds "10"]
[EventCountry "GGB"]
[SourceTitle "BritBase"]
[Source "John Saunders"]
[SourceDate "2021.06.05"]
[SourceVersion "1"]
[SourceVersionDate "2021.06.05"]
[SourceQuality "1"]
[TimeControl "40/100:0"]
[WhiteClock "0:09:05"]
[BlackClock "0:26:48"]

1. e4 e6 2. d4 d5 3. Nc3 Nf6 4. e5 Nfd7 5. f4 c5 6. Nf3 Nc6 7. Be3 cxd4 8. Nxd4 Bc5 9. Qd2 a6 10. O-O-O Nxd4 11. Bxd4 Qc7 12. Qf2 b5 13. Bd3 Bxd4 14. Qxd4 Rb8 15. Kb1 Nc5 16. h4 b4 17. Ne2 O-O 18. g4 a5 19. Qe3 Ba6 20. Nd4 b3 21. Nxb3 Bxd3 22. Qxc5 Qxc5 23. Nxc5 Bxc2+ 24. Kxc2 Rfc8 25. Rd4 Rxc5+ 26. Kb1 Rcb5 27. Rh2 Rb4 28. Rhd2 h5 29. gxh5 Kh7 30. f5 Kh6 31. fxe6 fxe6 32. Rxb4 Rxb4 33. Rg2 Rxh4 34. Rg6+ Kxh5 35. Rxg7 Re4 36. Ra7 a4 37. Ra6 Kg5 38. Rxe6 1/2-1/2

[Event "Gibraltar Masters 18th"]
[Site "Gibraltar"]
[Date "2020.01.30"]
[Round "10.13"]
[White "Sasikiran, Krishnan"]
[Black "Studer, Noel"]
[Result "1-0"]
[ECO "C18"]
[WhiteElo "2648"]
[BlackElo "2546"]
[PlyCount "153"]
[EventDate "2020.01.21"]
[EventType "swiss"]
[EventRounds "10"]
[EventCountry "GGB"]
[SourceTitle "BritBase"]
[Source "John Saunders"]
[SourceDate "2021.06.05"]
[SourceVersion "1"]
[SourceVersionDate "2021.06.05"]
[SourceQuality "1"]
[TimeControl "40/100:0"]
[WhiteClock "0:02:07"]
[BlackClock "0:16:21"]

1. e4 e6 2. d4 d5 3. Nc3 Bb4 4. e5 c5 5. a3 Bxc3+ 6. bxc3 Ne7 7. Qg4 cxd4 8. Bd3 Qa5 9. Rb1 Nd7 10. Nf3 Ng6 11. O-O dxc3 12. h4 Qc7 13.
Re1 O-O 14. h5 Ngxe5 15. Nxe5 Nxe5 16. Qg3 f6 17. Bf4 Qe7 18. Rxe5 fxe5 19. Bxe5 Rf6 20. Rb4 h6 21. Bd6 Qd7 22. Be5 Qe7 23. Rb3 d4 24. Rb4 Rf5 25. Bxf5 exf5 26. Rxd4 Bd7 27. Rd6 f4 28. Bxf4 Bf5 29. Bxh6 Bxc2 30. Rd5 Kh7 31. Qxc3 Bb1 32. Be3 Qf7 33. h6 gxh6 34. Qd4 Re8 35.
Rd7 Re7 36. Rd8 Qg7 37. Qxg7+ Rxg7 38. Bd4 Rg5 39. Rd7+ Kg6 40. Be3 Rb5 41. Rd6+ Kf7 42. Rxh6 Ra5 43. Bc1 Rc5 44. Bd2 Rd5 45. Bc3 Bg6 46. Rh4 b5 47. Rf4+ Rf5 48. Rd4 Ke6 49. Rd8 Rd5 50. Rf8 Rd6 51. Bb4 Rd7 52. f3 Bd3 53. Kf2 Bc4 54. Ra8 Bd5 55. Re8+ Kf7 56. Rb8 Bc4 57. Rc8 Ke6 58. Re8+ Kf7 59. Rf8+ Ke6 60. Ra8 Bd5 61. Rc8 Bc4 62. Rc6+ Kd5 63. Ra6 Kd4 64. g4 Ke5 65. Bc3+ Kf4 66. Rf6+ Kg5 67. Rf5+ Kg6 68. f4 Rd3 69. Rf6+ Kh7 70. Be5 Rxa3 71. g5 Rh3 72. f5 Bd3 73. Rf7+ Kg8 74. Rg7+ Kf8 75. f6 Bc4 76. Bd6+ Ke8 77. g6 1-0

[Event "Gibraltar Masters 18th"]
[Site "Gibraltar"]
[Date "2020.01.30"]
[Round "10.14"]
[White "Baron, Tal"]
[Black "Narayanan, SL."]
[Result "1/2-1/2"]
[ECO "C70"]
[WhiteElo "2529"]
[BlackElo "2637"]
[PlyCount "75"]
[EventDate "2020.01.21"]
[EventType "swiss"]
[EventRounds "10"]
[EventCountry "GGB"]
[SourceTitle "BritBase"]
[Source "John Saunders"]
[SourceDate "2021.06.05"]
[SourceVersion "1"]
[SourceVersionDate "2021.06.05"]
[SourceQuality "1"]
[TimeControl "40/100:0"]
[WhiteClock "0:13:54"]
[BlackClock "0:09:00"]

1. e4 e5 2. Nf3 Nc6 3. Bb5 a6 4. Ba4 Bc5 5. Nc3 b5 6. Bb3 d6 7. O-O Nf6 8. Nd5 h6 9. c3 O-O 10. d4 Ba7 11. Re1 exd4 12. cxd4 Bg4 13. Be3 Bxf3 14. Qxf3 Bxd4 15. Rac1 Nxd5 16. Bxd5 Ne5 17. Qg3 Bxe3 18. Rxe3 Rb8 19. f4 Nd7 20. e5 Nb6 21. Bb3 Nc4 22. Re2 dxe5 23.
fxe5 Qd4+ 24. Qf2 Rfd8 25. h3 c5 26. e6 fxe6 27. Rxe6 Qxf2+ 28.
Kxf2 Nxb2 29. Re8+ Kh7 30. Bc2+ g6 31. Re7+ Kg8 32. Re6 Rd2+ 33. Kg1 c4 34. Rxg6+ Kf7 35. Rf1+ Ke7 36. Re1+ Kf7 37. Rf1+ Ke7 38. Re1+ 1/2-1/2